cohdb
Replays
Latest Replays
All Replays
Popular Replays
Top Player Replays
Match Explorer
How It Works
Community
CoH3 Stats
Reddit
Sign in to upload your games and track your stats! →
Sign in with Steam
Match 40597979
Unlisted
Match 40597979
Overview
Messages
Build Orders
End
Construct Section Command Post
Selects Air and Sea Battlegroup
Vickers Machine Gun Team
ML 3-inch Mortar Team
Infantry Section
Construct Field Infirmary
Infantry Section
Selects Supply Surplus
Construct Resource Cache
Construct Resource Cache
Construct Resource Cache
Construct Platoon Command Post
Construct Resource Cache
Selects UNKNOWN (223837)
Selects Commando Section Paradrop
Selects Commando Support Section Paradrop
Construct Company Command Post
pcab123
gkstjq1010
turtle8076
2StrokeColdSmoke
Unsafe
G3r0lf
0
0
Comments
sign in to comment!
No comments posted yet!